 Dungeon Crawl Stone Soup version 0.24-a0-458-gfcb5e6da0e (webtiles) character file.

Game seed: 5548105998338748294

228 KristoblXynda the Slasher (level 5, -3/46 HPs)
             Began as a Draconian Gladiator on June 26, 2019.
             Slain by an ogre
             ... wielding a +0 giant club
              (23 damage)
             ... on level 4 of the Dungeon.
             The game lasted 00:03:52 (3454 turns).

KristoblXynda the Slasher (Draconian Gladiator)     Turns: 3454, Time: 00:03:53

Health: -3/46      AC:  5    Str: 16    XL:     5   Next: 70%
Magic:  5/5        EV: 14    Int: 10    God:
Gold:   159        SH:  0    Dex: 15    Spells: 4/4 levels left

rFire    . . .     SeeInvis .   a - +0 long sword
rCold    . . .     Gourm    .   (no shield)
rNeg     . . .     Faith    .   (armour unavailable)
rPois    .         Spirit   .   b - +0 hat
rElec    .         Reflect  .   (no cloak)
rCorr    .         Harm     .   (no gloves)
MR       .....                  (no boots)
Stlth    +.........             (no amulet)
HPRegen  0.15/turn              q - +3 ring of dexterity
MPRegen  0.09/turn              (no ring)

@: no status effects
A: unfitting armour, cold-blooded, AC +5
a: no special abilities


You were on level 4 of the Dungeon.
You were not hungry.

You visited 1 branch of the dungeon, and saw 4 of its levels.

You collected 159 gold pieces.

Inventory:

Hand Weapons
 a - a +0 long sword (weapon)
Missiles
 c - 3 throwing nets
 m - 17 poisoned darts (quivered)
Armour
 b - a +0 hat (worn)
Jewellery
 q - a +3 ring of dexterity (left hand)
Scrolls
 e - 2 scrolls of remove curse
 g - 2 scrolls of random uselessness {unknown}
 j - 4 scrolls of teleportation {unknown}
 l - a scroll of blinking {unknown}
 o - a scroll of noise {unknown}
 p - a scroll of immolation {unknown}
 r - a scroll of amnesia {unknown}
Potions
 h - a potion of flight {unknown}
 i - 4 potions of might
 k - 2 potions of magic
 n - a potion of heal wounds
 t - a potion of curing {unknown}
Comestibles
 d - 8 rations


   Skills:
 + Level 4.1 Fighting
 + Level 4.4 Long Blades
 - Level 2.0 Throwing
 + Level 4.0 Dodging


You had 4 spell levels left.
You didn't know any spells.
Your spell library was empty.

Dungeon Overview and Level Annotations

Branches:
Dungeon (4/15)
 Temple: D:4-7

Altars:
Sif Muna
Trog
Yredelemnul


Innate Abilities, Weirdness & Mutations

Your plain brown scales are hard. (AC +5)
You cannot fit into any form of body armour.
You are cold-blooded and may be slowed by cold attacks.


Message History

A goblin comes into view. It is wielding a +0 dagger.
The goblin moves out of view.
Throwing (i - inventory. (/) - cycle)
m - 19 poisoned darts (quivered)
Press: ? - help, Shift-Dir - straight line, f/p - ogre
Aim: an ogre, wielding a +0 giant club (heavily wounded)
You throw a poisoned dart. The poisoned dart hits the ogre.
The ogre is poisoned.
The ogre is heavily wounded.
The ogre hits you with a +0 giant club!
Throwing (i - inventory. (/) - cycle)
m - 18 poisoned darts (quivered)
Press: ? - help, Shift-Dir - straight line, f/p - ogre
Aim: an ogre, wielding a +0 giant club (heavily wounded, poisoned)
You throw a poisoned dart. The poisoned dart hits the ogre.
The ogre looks even sicker.
The ogre is heavily wounded.
You barely miss the ogre.
The ogre is severely wounded.
The ogre hits you with a +0 giant club!!
Ouch! That really hurt!
You die...

.......##.......#
#......###..g...#
......g(.(.##...#
#....########.g.########
##>#.# #####..........>
#... #..............#
.... ..##...........#
##.. #...#.(O.....# ..
#.......@.....#
....###........# ...#
#.........# ...
#.((.$....# #.#########
.. ..# ...


You could see an ogre and 2 goblins.

Vanquished Creatures
  A jelly (D:3)
  2 orc wizards
  3 adders
  An ooze (D:3)
  2 worms
  5 leopard geckos
  11 orcs
  11 bats
  4 giant cockroaches
  9 goblins
  9 hobgoblins
  4 jackals (D:2)
  7 kobolds
  A quokka (D:3)
  6 frilled lizards
  2 gnoll zombies (D:2)
  8 rats
86 creatures vanquished.

Notes
Turn   | Place    | Note
-------+----------+-------------------------------------------
     0 | D:1      | KristoblXynda the Draconian Gladiator began the quest for
                  | the Orb.
     0 | D:1      | Reached XP level 1. HP: 17/17 MP: 1/1
   231 | D:1      | Reached XP level 2. HP: 20/25 MP: 2/2
   771 | D:1      | Reached XP level 3. HP: 30/30 MP: 3/3
  1238 | D:2      | Noticed a moth of wrath
  1241 | D:2      | Found a bloodstained altar of Trog.
  1580 | D:2      | Found a basalt altar of Yredelemnul.
  1982 | D:2      | Reached XP level 4. HP: 31/38 MP: 4/4
  2563 | D:3      | Reached XP level 5. HP: 33/46 MP: 5/5
  2689 | D:3      | Found a deep blue altar of Sif Muna.
  3189 | D:4      | Noticed an ogre
  3454 | D:4      | Slain by an ogre

Levels and vault maps discovered:
D:1:      ncdulo_smallfort, layout_basic, serial_forest,
          infiniplex_forest_zigzag_1, infiniplex_forest_lined_room_,
          infiniplex_forest_join, infiniplex_forest_lined_3,
          infiniplex_forest_lined_1, infiniplex_forest_lined_room_3,
          infiniplex_forest_lined_corner, infiniplex_forest_end_3,
          infiniplex_forest_clump_tiny, infiniplex_forest_clump_long
D:2:      layout_basic, lemuel_zombie_altar_yredelemnul,
          kennysheep_small_spiral, tgw_trog
D:3:      layout_rooms, lemuel_doored_altar, first_ration
D:4:      minmay_door_path, layout_rooms, uniq_robin

Skill      XL: |  1  2  3  4  5 |
---------------+----------------+-----
Throwing       | 2 |  2.0
Dodging        | 3 4 |  4.0
Fighting       | 3 4 |  4.1
Long Blades    | 4 |  4.4

Action                   |  1- 3 |  4- 6 || total
-------------------------+-------+-------++-------
Melee: Long sword        |   110 |   108 ||   218
       Tailslap          |    11 |    16 ||    27
Throw: Dart              |       |     5 ||     5
  Use: Scroll            |       |     4 ||     4
 Stab: Sleeping          |       |     1 ||     1
  Eat: Chunk             |     3 |     5 ||     8
Armor: Skin              |    32 |    36 ||    68
Dodge: Dodged            |    77 |    78 ||   155
       Rpst.: Long sword |    30 |    28 ||    58

Table legend:
 A = Non-vault XP
 B = Vault XP
 C = Vault XP percentage of total XP
 D = Non-vault monster count
 E = Vault monster count
 F = Vault count percentage of total count
                 A         B        C        D         E       F
            +---------+---------+-------+---------+---------+-------
      Total |     315 |      11 |   3.4 |      79 |       7 |   8.1
            +---------+---------+-------+---------+---------+-------
        D:1 |      42 |       0 |   0.0 |      23 |       0 |   0.0
        D:2 |      97 |      11 |  10.2 |      25 |       7 |  21.9
        D:3 |     173 |       0 |   0.0 |      30 |       0 |   0.0
        D:4 |       3 |       0 |   0.0 |       1 |       0 |   0.0
            +---------+---------+-------+---------+---------+-------
